 Dungeon Crawl Stone Soup version 0.14-a0-2071-g7172c92 (webtiles) character file.

559 RedPan the Ruinous (level 6, -4/32 HPs)
             Began as a Deep Elf Wizard on Jan 23, 2014.
             Was a Follower of Vehumet.
             Slain by an ice beast (8 damage)
             ... on Level 5 of the Dungeon.
             The game lasted 00:22:45 (5183 turns).

RedPan the Ruinous (Deep Elf Wizard)                Turns: 5183, Time: 00:22:46

HP  -4/32        AC  4     Str 10      XL: 6   Next: 66%
MP   6/20        EV 12     Int 23      God: Vehumet [*.....]
Gold 129         SH  0     Dex 13      Spells:  4 memorised,  5 levels left

rFire  . . .     SeeInvis .     w - +2 spear (flame)
rCold  . . .     Clarity  .     a - +0 elf robe
rNeg   . . .     Conserve .     (no shield)
rPois  .         rCorr    .     b - +0 elf hat
rElec  .         rRot     .     (no cloak)
SustAb . .       Spirit   .     g - +0 pair of elf gloves
rMut   .         Warding  .     r - +0 pair of boots
Saprov . . .     Stasis   .     (no amulet)
MR     .....                    (no ring)
                                j - +4 ring of strength

@: very slightly contaminated, not resistant to hostile enchantments, fairly
stealthy
A: no striking features
a: Renounce Religion


You were on level 5 of the Dungeon.
You worshipped Vehumet.
Vehumet was aware of your devotion.
You were not hungry.

You visited 1 branch of the dungeon, and saw 5 of its levels.

You collected 129 gold pieces.

Inventory:

Hand weapons
 w - a +2,+2 spear of flaming (weapon)
 x - a +0 blowgun
Missiles
 y - 6 curare-tipped needles
Armour
 a - a +0 elven robe (worn)
 b - a +0 elven hat (worn)
 g - a +0 pair of elven gloves (worn)
 r - a +0 pair of boots (worn)
 v - a +0 elven buckler
Comestibles
 d - 3 bread rations
 h - a choko
 p - an apple
 s - 5 meat rations
 C - 3 chunks of orc flesh
 E - 2 pears
Scrolls
 f - a scroll of curse armour {unknown}
 i - a scroll of random uselessness {unknown}
 l - 2 scrolls of remove curse {unknown}
 m - 2 scrolls of identify {unknown}
 n - 3 scrolls of magic mapping {unknown}
 o - a scroll of recharging {unknown}
 t - a scroll of curse weapon {unknown}
 D - a scroll of blinking {unknown}
Jewellery
 j - a +4 ring of strength (left hand)
Potions
 e - 2 potions of speed {unknown}
 k - 2 potions of curing {unknown}
 q - 3 potions of heal wounds {unknown}
 u - a potion of beneficial mutation {unknown}
 z - a potion of berserk rage {unknown}
 A - a potion of confusion {unknown}
 B - a potion of degeneration {unknown}
Books
 c - a book of Minor Magic

   Spells                             Type                      Level
   *Magic Dart                        Conjuration                  1
   *Blink                             Translocation                2
   *Call Imp                          Summoning                    2
   Repel Missiles                     Charms/Air                   2
   Slow                               Hexes                        2
   Conjure Flame                      Conjuration/Fire             3
   *Mephitic Cloud                    Conjuration/Poison/Air       3


   Skills:
 - Level 2.4 Dodging
 - Level 2.4 Stealth
 - Level 4.4 Spellcasting
 + Level 7.6 Conjurations
 - Level 1.1 Summonings
 - Level 1.1 Translocations


You had 5 spell levels left.
You knew the following spells:

 Your Spells              Type           Power        Failure   Level  Hunger
a - Magic Dart            Conj           ####         1%          1    None
b - Blink                 Tloc           N/A          12%         2    None
c - Call Imp              Summ           ##........   12%         2    None
d - Mephitic Cloud        Conj/Pois/Air  ###.....     12%         3    ##.....


Dungeon Overview and Level Annotations

Branches:
Dungeon (5/16)
 Temple: D:4-7

Altars:
Cheibriados
Dithmengos
Elyvilon
Fedhas
Makhleb
Vehumet

Annotations:
D:3 Grinder
D:4 ketsa's ghost, average MiFi


Message History

Your white imp freezes the ice beast.
The ice beast completely resists.
Your white imp hits the ice beast but does no damage.
Casting: Magic Dart
Confirm with . or Enter, or press ? or * to list all spells.
Aiming: Magic Dart
Press: ? - help, Shift-Dir - straight line, f/p - ice beast
Aim: an ice beast (heavily wounded)
The magic dart hits the ice beast.
The ice beast is heavily wounded.
The ice beast hits you. The ice beast freezes you!
* * * LOW HITPOINT WARNING * * *
Your white imp barely misses the ice beast.
Your white imp hits the ice beast but does no damage.
Your white imp barely misses the ice beast.
Casting: Magic Dart
Confirm with . or Enter, or press ? or * to list all spells.
You miscast Blink.
Nothing appears to happen.
The ice beast hits you.
* * * LOW HITPOINT WARNING * * *
The ice beast freezes you!
You die...

######.## #.# #########
######.######.......#
#..........##.......+
#..<.......##.......#
#..........##.......##+##
#.......................#
#..........##.....5.....#
....)..........@I5.....#
....(....##....5......#
###.#.##############.#
#.#.# ../ #.#.# #.# #.
... #.


You could see an ice beast and 3 friendly white imps.

Vanquished Creatures
  An orc priest (D:4)
  2 worker ants (D:4)
  2 iguanas (D:4)
  2 orc wizards (D:4)
  Terence (D:3)
  7 adders
  3 gnolls (D:3)
  A worm (D:4)
  3 giant geckos
  23 orcs
  2 ball pythons
  4 giant cockroaches
  13 goblins
  13 hobgoblins
  4 jackals
  12 kobolds
  An ooze (D:3)
  6 bats
  3 giant newts
  A goblin skeleton (D:3)
  3 quokkas
  10 rats
117 creatures vanquished.

Notes
Turn   | Place    | Note
--------------------------------------------------------------
     0 | D:1      | RedPan, the Deep Elf Wizard, began the quest for the Orb.
     0 | D:1      | Reached XP level 1. HP: 10/10 MP: 6/6
   131 | D:1      | Reached XP level 2. HP: 15/15 MP: 6/9
   135 | D:1      | Learned a level 2 spell: Blink
   138 | D:1      | Learned a level 2 spell: Call Imp
   780 | D:2      | Reached XP level 3. HP: 17/19 MP: 5/12
   785 | D:2      | Learned a level 3 spell: Mephitic Cloud
  1606 | D:3      | Noticed Grinder
  1707 | D:3      | Noticed Terence
  1890 | D:3      | Reached XP level 4. HP: 24/24 MP: 12/15
  2281 | D:3      | Reached skill level 5 in Conjurations
  2600 | D:3      | Reached XP level 5. HP: 28/28 MP: 14/18
  2647 | D:3      | Killed Terence
  2778 | D:3      | Found a burning altar of Makhleb.
  3018 | D:3      | Reached skill level 6 in Conjurations
  3262 | D:4      | Found a snail-covered altar of Cheibriados.
  3262 | D:4      | Found a white marble altar of Elyvilon.
  3341 | D:4      | Noticed ketsa's ghost (average MiFi)
  3361 | D:4      | Found a shadowy altar of Dithmengos.
  3364 | D:4      | Found a radiant altar of Vehumet.
  3364 | D:4      | Found a blossoming altar of Fedhas.
  3373 | D:4      | Became a worshipper of Vehumet
  3450 | D:4      | Reached XP level 6. HP: 26/32 MP: 13/20
  4044 | D:4      | Reached skill level 7 in Conjurations
  4192 | D:4      | Found a white marble altar of Elyvilon.
  4355 | D:4      | Acquired Vehumet's first power
  4355 | D:4      | Offered knowledge of Freeze by Vehumet.
  4915 | D:5      | Entered Level 5 of the Dungeon
  5183 | D:5      | Slain by an ice beast

Action                   |  1- 3 |  4- 6 || total
-------------------------+-------+-------++-------
Melee: Dagger            |     2 |       ||     2
       Spear             |       |     2 ||     2
 Cast: Magic Dart        |    89 |   219 ||   308
       Mephitic Cloud    |     1 |     7 ||     8
       Call Imp          |       |     3 ||     3
